 Dungeon Crawl Stone Soup version 0.29-a0-322-g68df515428 (webtiles) character file.

Game seed: 7084886798129809009

24 siradein the Bolt Thrower (level 3, 0/21 HPs)
             Began as a Kobold Hunter on Apr 8, 2022.
             Slain by a kobold
             ... wielding a +0 short sword
              (2 damage)
             ... on level 2 of the Dungeon.
             The game lasted 00:01:41 (515 turns).

siradein the Bolt Thrower (Kobold Hunter)            Turns: 515, Time: 00:01:41

Health: 0/21       AC:  5    Str:  8    XL:     3   Next: 15%
Magic:  3/3        EV: 14    Int: 10    God:
Gold:   93         SH:  0    Dex: 20    Spells: 2/2 levels left

rFire   . . .      SeeInvis .   a - +1 hand crossbow
rCold   . . .      Faith    .   (no shield)
rNeg    . . .      Spirit   .   b - +0 leather armour
rPois   .          Reflect  .   f - +0 helmet
rElec   .          Harm     .   j - +0 cloak
rCorr   .          Rampage  .   (no gloves)
Will    .....                   (no boots)
Stlth   +++.......              (no amulet)
HPRegen 0.07/turn               (no ring)
MPRegen 0.08/turn               (no ring)

@: lethally poisoned (0 -> -1)
A: small, no large weapons, nightstalker 3
a: no special abilities


You were on level 2 of the Dungeon.
You visited 1 branch of the dungeon, and saw 2 of its levels.

You collected 93 gold pieces.

Inventory:

Hand Weapons
 a - a +1 hand crossbow (weapon)
Armour
 b - a +0 leather armour (worn)
 f - a +0 helmet (worn)
 j - a +0 cloak (worn)
Scrolls
 c - a scroll of immolation
 d - 3 scrolls of teleportation {unknown}
 g - a scroll of torment {unknown}
 h - 2 scrolls of identify {unknown}
Potions
 e - 2 potions of lignification {unknown}
 i - a potion of magic {unknown}


   Skills:
 - Level 2.1 Fighting
 + Level 6.5 Crossbows
 - Level 2.4 Dodging
 - Level 1.3 Stealth


You had 2 spell levels left.
You didn't know any spells.
Your spell library was empty.

Dungeon Overview and Level Annotations

Branches:
Dungeon (1/15)

Altars:
Dithmenos


Innate Abilities, Weirdness & Mutations

You are small and have problems with some larger weapons.
You are completely attuned to the shadows.


Message History

The adder barely misses you.
You shoot a bolt. The bolt hits the hobgoblin.
You kill the hobgoblin!
The kobold closely misses you. The adder bites you but does no damage.
A dart slug comes into view.
The kobold completely misses you.
You shoot a bolt. The bolt barely misses the adder.
The bolt completely misses the dart slug.
The adder bites you. The adder barely misses you.
The kobold hits you with a +0 short sword.
You shoot a bolt. The bolt hits the adder.
The adder is moderately wounded.
The adder bites you.
You are poisoned.
The adder poisons you! The kobold hits you but does no damage.
The adder bites you.
You are too injured to fight recklessly!
You are too injured to fight recklessly!
You are too injured to fight recklessly!
You are too injured to fight recklessly!
You are too injured to fight recklessly!
Shoot: a) +1 hand crossbow
Press: ? - help, Q - select action Shift-Dir - straight line, f/p - adder
Aim: an adder (moderately wounded, 54% to hit)
You shoot a bolt. The bolt misses the adder.
The bolt hits the dart slug!
You kill the dart slug!
You feel sick. The adder bites you but does no damage.
The kobold hits you with a +0 short sword.
* * * LOW HITPOINT WARNING * * *
Unknown command.
Unknown command.
Shoot: a) +1 hand crossbow
Press: ? - help, Q - select action Shift-Dir - straight line, f/p - adder
Aim: an adder (moderately wounded, 54% to hit)
You shoot a bolt. The bolt hits the adder!
You kill the adder!
* * * LOW HITPOINT WARNING * * *
You feel sick. The kobold barely misses you.
The kobold hits you with a +0 short sword.
You die...

_.............'..####
....##........##.....
.... #....[...###.###
...†##........# #....
.####....###### ##.##
.####.##..... #..#
......#........####.#
..........)..........
##K@†..#.... .......
...##........ #.##...
.. ........ #.##... .
##..†... #...... .?..
#..##.. #......
#...... ........
........


You could see a kobold.

Vanquished Creatures
  2 adders (D:2)
  2 dart slugs (D:2)
  An endoplasm (D:2)
  2 giant cockroaches
  2 hobgoblins (D:2)
  A ball python (D:1)
  2 frilled lizards
  A rat (D:1)
13 creatures vanquished.

Vanquished Creatures (others)
  3 fungi (D:2)
3 creatures vanquished.

Grand Total: 16 creatures vanquished

Notes
Turn   | Place    | Note
-------+----------+-------------------------------------------
     0 | D:1      | siradein the Kobold Hunter began the quest for the Orb.
     0 | D:1      | Reached XP level 1. HP: 12/12 MP: 1/1
     3 | D:1      | Noticed a minotaur skeleton
    20 | D:1      | Noticed a minotaur skeleton
   351 | D:1      | You fall into a shaft and drop 1 floor!
   366 | D:2      | Reached skill level 6 in Crossbows
   366 | D:2      | Reached XP level 2. HP: 17/17 MP: 2/2
   487 | D:2      | Found a shadowy altar of Dithmenos.
   489 | D:2      | Reached XP level 3. HP: 21/21 MP: 3/3
   515 | D:2      | Slain by a kobold

Illustrated notes

Levels and vault maps discovered:
D:1:      shiori_arrival_whats_in_store_for_you, layout_basic,
          shapermc_ecumenical_altar_hornbeckon, serial_shops,
          nicolae_lakefront_shop
D:2:      layout_basic, basic_altar, uniq_crazy_yiuf_cottage

Skill      XL: |  1 |
---------------+----+-----
Crossbows      | 6 |  6.5
Fighting       | |  2.1
Dodging        | |  2.4
Stealth        | |  1.3

Action                   || total
-------------------------++-------
 Fire: Hand crossbow     ||    33
Armor: Leather armour    ||     8
Dodge: Dodged            ||    13

Table legend: (Time is in decaauts)
 A = Elapsed time spent in this place.
 B = Non-inter-level travel time spent in this place.
 C = Inter-level travel time spent in this place.
 D = Time resting spent in this place.
 E = Time spent auto-exploring this place.
 F = Levels seen in this place.
 G = Mean time per level.
                   A        B        C        D        E       F      G
               +--------+--------+--------+--------+--------+-----+--------+
         Total |    522 |    522 |      0 |      0 |    389 |   2 |  261.0 |
       Dungeon |    522 |    522 |      0 |      0 |    389 |   2 |  261.0 |
               +--------+--------+--------+--------+--------+-----+--------+

Top non-repeatable levels by time:
     D:1: 352 daAuts
     D:2: 170 daAuts
